Monsters vs Moose
Created - February 18, 2022 at 19:06
Goals
|
| Monsters |
1 |
1 |
2 |
4 |
| Moose |
1 |
1 |
4 |
6 |
|
Shots
|
| Monsters |
11 |
9 |
10 |
30 |
| Moose |
12 |
7 |
10 |
29 |
|
1st period
1. Moose , Chase De Leo 2 (Vladislav Gavrikov 10, Ludwig Bystrom 14) at 8:09
2. Monsters , Matt Calvert 26 (Ondrej Kase 22, Christian Hanson 27) at 9:33
Penalties :
Aaron Ness (Cle) for Hooking (Minor) at 0:28, Troy Stetcher (Man) for Roughing (Minor) at 4:55, Frank Vatrano (Man) for Boarding (Minor) at 13:32
2nd period
3. Moose , Troy Stetcher 10 (Frank Vatrano 20, Nikolay Goldobin 11) at 3:55 (PP)
4. Monsters , Mitch Marner 9 (Aaron Ness 25) at 14:50
Penalties :
Ondrej Kase (Cle) for Hooking (Minor) at 3:18, Matthew Benning (Man) for Holding (Minor) at 6:33, Iiro Pakarinen (Man) for Goalie Interference (Minor) at 19:38
3rd period
5. Moose , Pierre-Luc Dubois 3 (Carl Grundstrom 3, Chase De Leo 8) at 3:13
6. Moose , Chase De Leo 3 (Matthew Benning 9, Carl Grundstrom 4) at 7:15
7. Monsters , Marc Michaelis 2 (Maxim Mamin 1, Bobby Farnham 9) at 12:03
8. Monsters , Christian Hanson 9 (Dillon Heatherington 5, Ondrej Kase 23) at 13:46
9. Moose , Nathan Walker 20 (Miro Aaltonen 37, Iiro Pakarinen 21) at 15:44
10. Moose , Nathan Walker 21 (Michael McLeod 8, Troy Stetcher 37) at 19:03
Penalties :
Carl Grundstrom (Man) for Hooking (Minor) at 16:50, Troy Stetcher (Man) for Tripping (Minor) at 19:10
Goalie Stats
Phoenix Copley (Cle), 23 saves from 29 shots - (0.793), L, 8-8-1, 60:00 minutes
Emil Larmi (Man), 26 saves from 30 shots - (0.867), W, 6-3-1, 60:00 minutes
Players Stats for Monsters
Player Name G A P +/- PIM S H SB GA TA FO MP PP MP PK MP
------------------------------------------------------------------------------------
Aaron Ness 0 1 1 -2 2 3 4 2 1 2 0/0 27:12 6:15 0:00
Austin Watson 0 0 0 1 0 0 1 0 0 1 0/0 16:01 5:08 0:12
Bobby Farnham 0 1 1 0 0 0 0 0 1 0 1/1 9:57 0:12 0:00
Cameron Hughes 0 0 0 0 0 0 0 0 0 0 0/0 0:00 0:00 0:00
Christian Hanson 1 1 2 0 0 4 2 0 0 2 14/31 22:54 5:11 1:30
Dillon Heatherington 0 1 1 0 0 0 1 1 0 0 0/0 22:16 4:29 1:19
Dominik Simon 0 0 0 0 0 0 0 0 0 0 0/0 0:00 0:00 0:00
Francis Perron 0 0 0 -1 0 0 0 0 0 0 0/1 0:30 0:00 0:17
Jared Knight 0 0 0 1 0 1 1 2 0 0 5/7 15:49 5:08 0:00
Joakim Nordstrom 0 0 0 0 0 1 2 0 0 1 0/0 9:44 0:00 0:00
Marc Michaelis 1 0 1 -1 0 3 0 0 0 0 0/0 8:58 0:00 0:00
Matt Calvert 1 0 1 0 0 5 0 1 1 1 3/5 23:00 5:18 1:30
Matt Grzelcyk 0 0 0 0 0 2 2 0 0 1 0/0 21:59 4:29 1:10
Maxim Mamin 0 1 1 -1 0 1 0 0 0 0 0/2 8:58 0:00 0:00
Mitch Marner 1 0 1 1 0 2 0 0 1 0 0/1 17:30 5:08 0:54
Morgan Rielly 0 0 0 -2 0 2 2 0 1 1 0/0 28:00 6:15 1:26
Nathan Noel 0 0 0 -1 0 0 0 0 0 0 0/0 0:42 0:25 0:00
Ondrej Kase 0 2 2 0 2 6 0 0 0 2 0/0 23:03 5:12 0:49
Patrik Laine 0 0 0 -1 0 0 0 0 0 0 0/0 0:48 0:30 0:00
Richard Nejezchleb 0 0 0 -1 0 0 0 0 0 0 0/0 8:58 0:00 0:00
Ryan Fitzgerald 0 0 0 0 0 0 0 0 0 1 2/6 9:44 0:00 0:00
Tarmo Reunanen 0 0 0 1 0 0 0 0 0 0 0/0 11:18 0:00 1:17
Victor Mete 0 0 0 1 0 0 0 0 0 0 0/0 10:01 0:00 0:00
Players Stats for Moose
Player Name G A P +/- PIM S H SB GA TA FO MP PP MP PK MP
------------------------------------------------------------------------------------
Carl Grundstrom 0 2 2 3 2 2 1 1 0 0 0/0 6:31 0:00 0:00
Chase De Leo 2 1 3 3 0 5 0 1 0 0 1/2 9:34 0:00 2:37
Dominik Kahun 0 0 0 0 0 0 1 1 0 0 6/11 13:33 1:13 0:20
Erik Cernak 0 0 0 1 0 0 1 1 0 0 0/0 18:25 0:53 4:10
Frank Vatrano 0 1 1 0 2 1 2 0 1 0 0/0 14:24 1:13 1:55
Iiro Pakarinen 0 1 1 -2 2 2 4 0 2 2 4/6 22:47 1:23 4:40
Jeremy Bracco 0 0 0 -1 0 0 1 1 1 0 2/2 11:31 0:00 0:00
Ludwig Bystrom 0 1 1 -1 0 1 1 2 0 0 0/0 27:01 1:43 6:30
Matthew Benning 0 1 1 1 2 0 0 2 0 0 0/0 13:07 0:00 0:49
Michael McLeod 0 1 1 0 0 7 0 1 1 1 4/6 11:41 0:00 0:00
Mirco Mueller 0 0 0 2 0 0 2 1 1 0 0/0 15:33 0:00 0:16
Miro Aaltonen 0 1 1 -2 0 1 0 0 2 0 10/24 23:24 1:23 6:03
Nathan Walker 2 0 2 -1 0 3 0 0 0 1 2/3 22:57 1:23 4:57
Nikolay Goldobin 0 1 1 0 0 0 1 0 0 0 0/0 14:13 1:13 0:56
Pierre-Luc Dubois 1 0 1 3 0 1 0 0 0 1 0/0 6:28 0:00 0:00
Rem Pitlick 0 0 0 0 0 2 2 0 3 0 0/0 11:41 0:00 0:00
Troy Stetcher 1 1 2 -2 4 3 0 1 1 0 0/0 24:56 1:43 4:31
Vladislav Gavrikov 0 1 1 1 0 1 0 2 0 0 0/0 21:24 0:53 5:12
3 Stars
1 - Chase De Leo (Man)
2 - Pierre-Luc Dubois (Man)
3 - Nathan Walker (Man)
Power Play
Monsters - 0 on 6 Attempt(s) - 0.00%
Moose - 1 on 2 Attempt(s) - 50.00%
Penalty Kill
Monsters - 1 on 2 Attempt(s) - 50.00%
- Score 0 goal in Penalty Kill
Moose - 6 on 6 Attempt(s) - 100.00%
- Score 0 goal in Penalty Kill
Team Stat
Monsters - Hits : 15 - Faceoff Wins : 25 - Blocked Shots : 6 - Penalty Minutes : 4
Moose - Hits : 16 - Faceoff Wins : 29 - Blocked Shots : 14 - Penalty Minutes : 12
Official
Referees : Ian Walsh and Jon McIsaac
Linesman : Matt MacPherson and Jonny Murray
Game Notes
No Game Note
Finance
Level 1 -- Attendance: 2000 (100.00%) -- Ticket Income $70,000
Level 2 -- Attendance: 933 (93.30%) -- Ticket Income $13,995
Total Attendance: 2933 (97.77%)
Total Ticket Income: $83,995
Other Income: $4,200
Total Income: $88,195
Monsters
5 vs 5 Forward
Center Left Wing Right Wing Time % Phy DF OF
1 Christian Hanson Matt Calvert Ondrej Kase 40 1 2 2
2 Jared Knight Austin Watson Mitch Marner 30 1 2 2
3 Ryan Fitzgerald Joakim Nordstrom Bobby Farnham 20 1 2 2
4 Maxim Mamin Marc Michaelis Richard Nejezchleb 10 1 2 2
5 vs 5 Defense
Defense Defense Time % Phy DF OF
1 Morgan Rielly Aaron Ness 40 1 2 2
2 Dillon Heatherington Matt Grzelcyk 30 1 2 2
3 Victor Mete Tarmo Reunanen 20 1 2 2
4 Morgan Rielly Aaron Ness 10 1 2 2
PowerPlay Forward
Center Left Wing Right Wing Time % Phy DF OF
1 Christian Hanson Matt Calvert Ondrej Kase 60 1 2 2
2 Jared Knight Austin Watson Mitch Marner 40 1 2 2
PowerPlay Defense
Defense Defense Time % Phy DF OF
1 Morgan Rielly Aaron Ness 60 1 2 2
2 Dillon Heatherington Matt Grzelcyk 40 1 2 2
Penalty Kill 4 Players Forward
Center Wing Time % Phy DF OF
1 Matt Calvert Christian Hanson 60 1 2 2
2 Ondrej Kase Mitch Marner 40 1 2 2
Penalty Kill 4 Players Defense
Defense Defense Time % Phy DF OF
1 Morgan Rielly Aaron Ness 60 1 2 2
2 Dillon Heatherington Matt Grzelcyk 40 1 2 2
Penalty Kill - 3 Players Forward
Forward Time % Phy DF OF
1 Matt Calvert 60 1 2 2
2 Christian Hanson 40 1 2 2
Penalty Kill - 3 Players Defense
Defense Defense Time % Phy DF OF
1 Morgan Rielly Aaron Ness 60 1 2 2
2 Dillon Heatherington Matt Grzelcyk 40 1 2 2
4 vs 4 Forward
Center Wing Time % Phy DF OF
1 Matt Calvert Christian Hanson 60 1 2 2
2 Ondrej Kase Mitch Marner 40 1 2 2
4 vs 4 Defense
Defense Defense Time % Phy DF OF
1 Morgan Rielly Aaron Ness 60 1 2 2
2 Dillon Heatherington Matt Grzelcyk 40 1 2 2
Last Minutes Offensive
Center Left Wing Right Wing Defense Defense
Christian Hanson Matt Calvert Ondrej Kase Morgan Rielly Aaron Ness
Last Minutes Defensive
Center Left Wing Right Wing Defense Defense
Christian Hanson Matt Calvert Ondrej Kase Morgan Rielly Aaron Ness
Goaltenders
Starting : Phoenix Copley
Backup : Eric Comrie
Extra Forwards
Normal : Patrik Laine, Nathan Noel, Francis Perron - PP : Patrik Laine, Nathan Noel - PK : Francis Perron
Extra Defensemen
Normal : Victor Mete, Tarmo Reunanen, Dillon Heatherington - PP : Victor Mete - PK : Tarmo Reunanen, Dillon Heatherington
Penalty Shots
Matt Calvert, Christian Hanson, Ondrej Kase, Mitch Marner, Bobby Farnham
Scratches
Peyton Jones (Healthy)
Moose
5 vs 5 Forward
Center Left Wing Right Wing Time % Phy DF OF
1 Miro Aaltonen Nathan Walker Iiro Pakarinen 40 1 2 2
2 Dominik Kahun Nikolay Goldobin Frank Vatrano 30 1 2 2
3 Michael McLeod Rem Pitlick Jeremy Bracco 20 1 2 2
4 Chase De Leo Pierre-Luc Dubois Carl Grundstrom 10 1 2 2
5 vs 5 Defense
Defense Defense Time % Phy DF OF
1 Troy Stetcher Ludwig Bystrom 40 1 2 2
2 Mirco Mueller Vladislav Gavrikov 30 1 2 2
3 Matthew Benning Erik Cernak 20 1 2 2
4 Troy Stetcher Ludwig Bystrom 10 1 2 2
PowerPlay Forward
Center Left Wing Right Wing Time % Phy DF OF
1 Miro Aaltonen Nathan Walker Iiro Pakarinen 60 1 2 2
2 Dominik Kahun Nikolay Goldobin Frank Vatrano 40 1 2 2
PowerPlay Defense
Defense Defense Time % Phy DF OF
1 Troy Stetcher Ludwig Bystrom 60 1 2 2
2 Vladislav Gavrikov Erik Cernak 40 1 2 2
Penalty Kill 4 Players Forward
Center Wing Time % Phy DF OF
1 Iiro Pakarinen Miro Aaltonen 60 1 2 2
2 Frank Vatrano Nathan Walker 40 1 2 2
Penalty Kill 4 Players Defense
Defense Defense Time % Phy DF OF
1 Troy Stetcher Ludwig Bystrom 60 1 2 2
2 Vladislav Gavrikov Erik Cernak 40 1 2 2
Penalty Kill - 3 Players Forward
Forward Time % Phy DF OF
1 Iiro Pakarinen 60 1 2 2
2 Miro Aaltonen 40 1 2 2
Penalty Kill - 3 Players Defense
Defense Defense Time % Phy DF OF
1 Troy Stetcher Ludwig Bystrom 60 1 2 2
2 Vladislav Gavrikov Erik Cernak 40 1 2 2
4 vs 4 Forward
Center Wing Time % Phy DF OF
1 Iiro Pakarinen Miro Aaltonen 60 1 2 2
2 Frank Vatrano Nathan Walker 40 1 2 2
4 vs 4 Defense
Defense Defense Time % Phy DF OF
1 Troy Stetcher Ludwig Bystrom 60 1 2 2
2 Vladislav Gavrikov Mirco Mueller 40 1 2 2
Last Minutes Offensive
Center Left Wing Right Wing Defense Defense
Miro Aaltonen Nathan Walker Iiro Pakarinen Troy Stetcher Ludwig Bystrom
Last Minutes Defensive
Center Left Wing Right Wing Defense Defense
Miro Aaltonen Nathan Walker Iiro Pakarinen Mirco Mueller Ludwig Bystrom
Goaltenders
Starting : Emil Larmi
Backup : Filip Gustavsson
Extra Forwards
Normal : Michael McLeod, Frank Vatrano, Rem Pitlick - PP : Pierre-Luc Dubois, Rem Pitlick - PK : Nathan Walker
Extra Defensemen
Normal : Mirco Mueller, Erik Cernak, Vladislav Gavrikov - PP : Vladislav Gavrikov - PK : Ludwig Bystrom, Vladislav Gavrikov
Penalty Shots
Nikolay Goldobin, Miro Aaltonen, Michael McLeod, Nathan Walker, Rem Pitlick
Scratches
David Kase (Healthy), Jesse Graham (Healthy), Mitchell Stephens (Healthy), Oskar Lindblom (Healthy), Sami Niku (Healthy)
Julien Gauthier (Healthy), Josh Mahura (Healthy), Max Jones (Healthy), Nathan Bastian (Healthy), Tim Gettinger (Healthy)
Joey Daccord (Healthy), Magnus Hellberg (Healthy)
% Time on Ice - Monsters
Lines # - Real PCT - Wanted PCT - Time Play
Normal Forward
1 - 35% - 40% - 16:16
2 - 25% - 30% - 11:29
3 - 21% - 20% - 9:44
4 - 19% - 10% - 8:58
Normal Defense
1 - 40% - 40% - 18:45
2 - 35% - 30% - 16:07
3 - 22% - 20% - 10:01
4 - 3% - 10% - 1:34
PP Forward
1 - 50% - 60% - 5:24
2 - 50% - 40% - 5:20
PP Defense
1 - 58% - 60% - 6:15
2 - 42% - 40% - 4:29
PK Forward
1 - 65% - 60% - 1:42
2 - 35% - 40% - 0:54
PK Defense
1 - 55% - 60% - 1:26
2 - 45% - 40% - 1:10
PK3 Forward
1 - 0% - 60%
2 - 0% - 40%
PK3 Defense
1 - 0% - 60%
2 - 0% - 40%
44 Forward
1 - 0% - 60%
2 - 0% - 40%
44 Defense
1 - 0% - 60%
2 - 0% - 40%
Last Minute Offensive - 0:13
Last Minute Defensive - 0:00
Total
Forward - 60:00
Defense - 60:00
|
% Time on Ice - Moose
Lines # - Real PCT - Wanted PCT - Time Play
Normal Forward
1 - 37% - 40% - 17:14
2 - 24% - 30% - 11:17
3 - 25% - 20% - 11:31
4 - 14% - 10% - 6:28
Normal Defense
1 - 38% - 40% - 17:41
2 - 34% - 30% - 15:56
3 - 25% - 20% - 11:29
4 - 3% - 10% - 1:24
PP Forward
1 - 53% - 60% - 1:23
2 - 47% - 40% - 1:13
PP Defense
1 - 66% - 60% - 1:43
2 - 34% - 40% - 0:53
PK Forward
1 - 74% - 60% - 7:55
2 - 26% - 40% - 2:49
PK Defense
1 - 68% - 60% - 7:19
2 - 32% - 40% - 3:25
PK3 Forward
1 - 0% - 60%
2 - 0% - 40%
PK3 Defense
1 - 0% - 60%
2 - 0% - 40%
44 Forward
1 - 0% - 60%
2 - 0% - 40%
44 Defense
1 - 0% - 60%
2 - 0% - 40%
Last Minute Offensive - 0:00
Last Minute Defensive - 0:10
Total
Forward - 60:00
Defense - 60:00
|
Play-by-Play
1st period
0:01 of 1st period - Christian Hanson wins face-off versus Miro Aaltonen in neutral zone.
0:28 of 1st period - Minor Penalty to Aaron Ness for Hooking.
0:29 of 1st period - Miro Aaltonen wins face-off versus Matt Calvert in Monsters zone.
1:23 of 1st period - Iiro Pakarinen is hit by Dillon Heatherington and loses puck.
1:53 of 1st period - Icing by Frank Vatrano.
1:54 of 1st period - Dominik Kahun wins face-off versus Francis Perron in Moose zone.
2:28 of 1st period - Penalty to Aaron Ness is over, Aaron Ness is back on ice.
2:47 of 1st period - Vladislav Gavrikov is hit by Aaron Ness and loses puck.
3:14 of 1st period - Wrist shot by Ondrej Kase.
3:14 of 1st period - Stopped by Emil Larmi without a rebound.
3:15 of 1st period - Miro Aaltonen wins face-off versus Ryan Fitzgerald in Moose zone.
4:04 of 1st period - Icing by Matthew Benning.
4:05 of 1st period - Ryan Fitzgerald wins face-off versus Chase De Leo in Moose zone.
4:55 of 1st period - Minor Penalty to Troy Stetcher for Roughing.
4:56 of 1st period - Iiro Pakarinen wins face-off versus Matt Calvert in Moose zone.
6:55 of 1st period - Penalty to Troy Stetcher is over, Troy Stetcher is back on ice.
7:04 of 1st period - Slapshot by Frank Vatrano.
7:04 of 1st period - Shot Blocked by Aaron Ness.
7:06 of 1st period - Snap shot by Dominik Kahun.
7:06 of 1st period - Shot Misses the Net.
7:21 of 1st period - Icing by Nikolay Goldobin.
7:22 of 1st period - Dominik Kahun wins face-off versus Maxim Mamin in Moose zone.
8:07 of 1st period - Wrist shot by Chase De Leo.
8:07 of 1st period - Stopped by Phoenix Copley with a rebound.
8:09 of 1st period - Slapshot by Vladislav Gavrikov.
8:09 of 1st period - Deflect By Chase De Leo.
8:09 of 1st period - Goal by Chase De Leo - Monsters : 0 - Moose : 1.
8:10 of 1st period - Miro Aaltonen wins face-off versus Christian Hanson in neutral zone.
8:57 of 1st period - Slapshot by Michael McLeod.
8:57 of 1st period - Stopped by Phoenix Copley without a rebound.
8:58 of 1st period - Bobby Farnham wins face-off versus Michael McLeod in Monsters zone.
9:13 of 1st period - Slapshot by Morgan Rielly.
9:13 of 1st period - Deflect By Michael McLeod.
9:13 of 1st period - Stopped by Emil Larmi with a rebound.
9:15 of 1st period - Slapshot by Aaron Ness.
9:15 of 1st period - Stopped by Emil Larmi with a rebound.
9:17 of 1st period - Wrist shot by Morgan Rielly.
9:17 of 1st period - Shot Blocked by Michael McLeod.
9:19 of 1st period - Slapshot by Aaron Ness.
9:19 of 1st period - Shot Blocked by Matthew Benning.
9:21 of 1st period - Slapshot by Morgan Rielly.
9:21 of 1st period - Stopped by Emil Larmi without a rebound.
9:22 of 1st period - Christian Hanson wins face-off versus Miro Aaltonen in Moose zone.
9:23 of 1st period - Snap shot by Ondrej Kase.
9:23 of 1st period - Stopped by Emil Larmi without a rebound.
9:24 of 1st period - Miro Aaltonen wins face-off versus Christian Hanson in Moose zone.
9:31 of 1st period - Snap shot by Ondrej Kase.
9:31 of 1st period - Stopped by Emil Larmi with a rebound.
9:33 of 1st period - Snap shot by Matt Calvert.
9:33 of 1st period - Goal by Matt Calvert - Monsters : 1 - Moose : 1.
9:34 of 1st period - Christian Hanson wins face-off versus Miro Aaltonen in neutral zone.
9:44 of 1st period - Snap shot by Iiro Pakarinen.
9:44 of 1st period - Stopped by Phoenix Copley without a rebound.
9:45 of 1st period - Miro Aaltonen wins face-off versus Christian Hanson in Monsters zone.
9:46 of 1st period - Slapshot by Iiro Pakarinen.
9:46 of 1st period - Shot Misses the Net.
9:48 of 1st period - Snap shot by Iiro Pakarinen.
9:48 of 1st period - Shot Misses the Net.
9:52 of 1st period - Wrist shot by Miro Aaltonen.
9:52 of 1st period - Stopped by Phoenix Copley with a rebound.
10:29 of 1st period - Icing by Vladislav Gavrikov.
10:30 of 1st period - Nathan Walker wins face-off versus Mitch Marner in Moose zone.
10:43 of 1st period - Wrist shot by Frank Vatrano.
10:43 of 1st period - Stopped by Phoenix Copley without a rebound.
10:44 of 1st period - Christian Hanson wins face-off versus Dominik Kahun in Monsters zone.
10:54 of 1st period - Troy Stetcher is hit by Matt Grzelcyk and loses puck.
11:11 of 1st period - Wrist shot by Jared Knight.
11:11 of 1st period - Stopped by Emil Larmi with a rebound.
11:49 of 1st period - Morgan Rielly is hit by Carl Grundstrom and loses puck.
12:16 of 1st period - Wrist shot by Austin Watson.
12:16 of 1st period - Shot Blocked by Vladislav Gavrikov.
12:40 of 1st period - Snap shot by Michael McLeod.
12:40 of 1st period - Stopped by Phoenix Copley with a rebound.
12:54 of 1st period - Snap shot by Nathan Walker.
12:54 of 1st period - Deflect By Iiro Pakarinen.
12:54 of 1st period - Shot Misses the Net.
12:54 of 1st period - Puck is out of play.
12:55 of 1st period - Ryan Fitzgerald wins face-off versus Miro Aaltonen in Monsters zone.
12:55 of 1st period - Ryan Fitzgerald is hit by Iiro Pakarinen.
13:15 of 1st period - Wrist shot by Bobby Farnham.
13:15 of 1st period - Shot Misses the Net.
13:19 of 1st period - Snap shot by Joakim Nordstrom.
13:19 of 1st period - Stopped by Emil Larmi without a rebound.
13:20 of 1st period - Dominik Kahun wins face-off versus Christian Hanson in Moose zone.
13:32 of 1st period - Minor Penalty to Frank Vatrano for Boarding.
13:33 of 1st period - Iiro Pakarinen wins face-off versus Christian Hanson in Moose zone.
14:08 of 1st period - Erik Cernak is hit by Aaron Ness and loses puck.
15:32 of 1st period - Penalty to Frank Vatrano is over, Frank Vatrano is back on ice.
15:36 of 1st period - Slapshot by Dominik Kahun.
15:36 of 1st period - Shot Hit the Post.
16:00 of 1st period - Slapshot by Vladislav Gavrikov.
16:00 of 1st period - Deflect By Michael McLeod.
16:00 of 1st period - Shot Misses the Net.
16:00 of 1st period - Puck is out of play.
16:01 of 1st period - Michael McLeod wins face-off versus Maxim Mamin in Monsters zone.
16:08 of 1st period - Snap shot by Michael McLeod.
16:08 of 1st period - Stopped by Phoenix Copley with a rebound.
16:10 of 1st period - Wrist shot by Rem Pitlick.
16:10 of 1st period - Stopped by Phoenix Copley without a rebound.
16:11 of 1st period - Dominik Kahun wins face-off versus Christian Hanson in Monsters zone.
16:37 of 1st period - Wrist shot by Troy Stetcher.
16:37 of 1st period - Stopped by Phoenix Copley with a rebound.
16:39 of 1st period - Slapshot by Troy Stetcher.
16:39 of 1st period - Stopped by Phoenix Copley with a rebound.
16:41 of 1st period - Snap shot by Ludwig Bystrom.
16:41 of 1st period - Deflect By Mitch Marner.
16:41 of 1st period - Stopped by Phoenix Copley with a rebound.
16:43 of 1st period - Wrist shot by Troy Stetcher.
16:43 of 1st period - Shot Blocked by Jared Knight.
17:10 of 1st period - Dillon Heatherington is hit by Iiro Pakarinen and loses puck.
17:31 of 1st period - Slapshot by Christian Hanson.
17:31 of 1st period - Stopped by Emil Larmi with a rebound.
17:33 of 1st period - Backhand shot by Christian Hanson.
17:33 of 1st period - Shot Blocked by Erik Cernak.
17:49 of 1st period - Wrist shot by Nikolay Goldobin.
17:49 of 1st period - Shot Blocked by Aaron Ness.
18:46 of 1st period - Snap shot by Bobby Farnham.
18:46 of 1st period - Shot Blocked by Troy Stetcher.
19:04 of 1st period - Wrist shot by Richard Nejezchleb.
19:04 of 1st period - Shot Blocked by Dominik Kahun.
19:06 of 1st period - Snap shot by Marc Michaelis.
19:06 of 1st period - Stopped by Emil Larmi without a rebound.
19:07 of 1st period - Miro Aaltonen wins face-off versus Christian Hanson in Moose zone.
19:56 of 1st period - Ludwig Bystrom is hit by Austin Watson and loses puck.
Goals for this period are 1 for Monsters vs 1 for Moose.
Shots for this period are 11 for Monsters vs 12 for Moose.
2nd period
0:01 of 2nd period - Christian Hanson wins face-off versus Miro Aaltonen in neutral zone.
0:47 of 2nd period - Slapshot by Ludwig Bystrom.
0:47 of 2nd period - Deflect By Michael McLeod.
0:47 of 2nd period - Shot Blocked by Dillon Heatherington.
0:47 of 2nd period - Puck is out of play.
0:48 of 2nd period - Michael McLeod wins face-off versus Ryan Fitzgerald in Monsters zone.
0:53 of 2nd period - Wrist shot by Rem Pitlick.
0:53 of 2nd period - Stopped by Phoenix Copley with a rebound.
0:55 of 2nd period - Wrist shot by Michael McLeod.
0:55 of 2nd period - Stopped by Phoenix Copley with a rebound.
1:13 of 2nd period - Christian Hanson is hit by Mirco Mueller and loses puck.
2:18 of 2nd period - Slapshot by Michael McLeod.
2:18 of 2nd period - Shot Blocked by Matt Calvert.
2:44 of 2nd period - Iiro Pakarinen is hit by Joakim Nordstrom and loses puck.
3:18 of 2nd period - Minor Penalty to Ondrej Kase for Hooking.
3:19 of 2nd period - Matt Calvert wins face-off versus Miro Aaltonen in Monsters zone.
3:55 of 2nd period - Slapshot by Troy Stetcher.
3:55 of 2nd period - Deflect By Mitch Marner.
3:55 of 2nd period - Goal by Troy Stetcher - Monsters : 1 - Moose : 2.
3:56 of 2nd period - Christian Hanson wins face-off versus Miro Aaltonen in neutral zone.
4:12 of 2nd period - Wrist shot by Matt Calvert.
4:12 of 2nd period - Stopped by Emil Larmi without a rebound.
4:13 of 2nd period - Jared Knight wins face-off versus Dominik Kahun in Moose zone.
4:14 of 2nd period - Wrist shot by Mitch Marner.
4:14 of 2nd period - Stopped by Emil Larmi without a rebound.
4:15 of 2nd period - Jared Knight wins face-off versus Dominik Kahun in Moose zone.
4:20 of 2nd period - Wrist shot by Mitch Marner.
4:20 of 2nd period - Shot Misses the Net.
4:22 of 2nd period - Slapshot by Morgan Rielly.
4:22 of 2nd period - Shot Misses the Net.
4:24 of 2nd period - Slapshot by Aaron Ness.
4:24 of 2nd period - Stopped by Emil Larmi without a rebound.
4:25 of 2nd period - Miro Aaltonen wins face-off versus Christian Hanson in Moose zone.
4:34 of 2nd period - Snap shot by Christian Hanson.
4:34 of 2nd period - Shot Blocked by Ludwig Bystrom.
4:36 of 2nd period - Slapshot by Aaron Ness.
4:36 of 2nd period - Deflect By Miro Aaltonen.
4:36 of 2nd period - Stopped by Emil Larmi without a rebound.
4:37 of 2nd period - Christian Hanson wins face-off versus Miro Aaltonen in Moose zone.
4:42 of 2nd period - Slapshot by Matt Calvert.
4:42 of 2nd period - Deflect By Ludwig Bystrom.
4:42 of 2nd period - Shot Blocked by Ludwig Bystrom.
4:42 of 2nd period - Puck is out of play.
4:43 of 2nd period - Christian Hanson wins face-off versus Miro Aaltonen in Moose zone.
4:50 of 2nd period - Snap shot by Matt Calvert.
4:50 of 2nd period - Shot Misses the Net.
5:44 of 2nd period - Slapshot by Vladislav Gavrikov.
5:44 of 2nd period - Stopped by Phoenix Copley without a rebound.
5:45 of 2nd period - Christian Hanson wins face-off versus Miro Aaltonen in Monsters zone.
6:16 of 2nd period - Snap shot by Michael McLeod.
6:16 of 2nd period - Deflect By Matt Grzelcyk.
6:16 of 2nd period - Stopped by Phoenix Copley with a rebound.
6:18 of 2nd period - Wrist shot by Michael McLeod.
6:18 of 2nd period - Stopped by Phoenix Copley with a rebound.
6:33 of 2nd period - Minor Penalty to Matthew Benning for Holding.
6:34 of 2nd period - Jared Knight wins face-off versus Iiro Pakarinen in Moose zone.
8:33 of 2nd period - Penalty to Matthew Benning is over, Matthew Benning is back on ice.
8:49 of 2nd period - Snap shot by Maxim Mamin.
8:49 of 2nd period - Stopped by Emil Larmi with a rebound.
9:50 of 2nd period - Jared Knight is hit by Iiro Pakarinen.
10:32 of 2nd period - Miro Aaltonen is hit by Aaron Ness and loses puck.
11:48 of 2nd period - Jared Knight is hit by Nikolay Goldobin and loses puck.
12:31 of 2nd period - Ondrej Kase is hit by Mirco Mueller and loses puck.
12:58 of 2nd period - Tarmo Reunanen is hit by Erik Cernak.
13:19 of 2nd period - Mirco Mueller is hit by Joakim Nordstrom and loses puck.
13:41 of 2nd period - Austin Watson is hit by Ludwig Bystrom and loses puck.
14:50 of 2nd period - Snap shot by Mitch Marner.
14:50 of 2nd period - Goal by Mitch Marner - Monsters : 2 - Moose : 2.
14:51 of 2nd period - Dominik Kahun wins face-off versus Christian Hanson in neutral zone.
15:02 of 2nd period - Wrist shot by Christian Hanson.
15:02 of 2nd period - Shot Misses the Net.
15:06 of 2nd period - Snap shot by Ondrej Kase.
15:06 of 2nd period - Deflect By Matt Calvert.
15:06 of 2nd period - Shot Misses the Net.
15:06 of 2nd period - Puck is out of play.
15:07 of 2nd period - Jeremy Bracco wins face-off versus Christian Hanson in Moose zone.
15:14 of 2nd period - Wrist shot by Jeremy Bracco.
15:14 of 2nd period - Deflect By Rem Pitlick.
15:14 of 2nd period - Shot Misses the Net.
15:14 of 2nd period - Puck is out of play.
15:15 of 2nd period - Christian Hanson wins face-off versus Michael McLeod in Monsters zone.
15:30 of 2nd period - Snap shot by Rem Pitlick.
15:30 of 2nd period - Shot Misses the Net.
16:31 of 2nd period - Pierre-Luc Dubois is hit by Morgan Rielly.
16:43 of 2nd period - Christian Hanson is hit by Frank Vatrano and loses puck.
17:31 of 2nd period - Snap shot by Austin Watson.
17:31 of 2nd period - Shot Misses the Net.
18:00 of 2nd period - Wrist shot by Ondrej Kase.
18:00 of 2nd period - Shot Blocked by Jeremy Bracco.
18:20 of 2nd period - Wrist shot by Marc Michaelis.
18:20 of 2nd period - Stopped by Emil Larmi without a rebound.
18:21 of 2nd period - Matt Calvert wins face-off versus Miro Aaltonen in Moose zone.
18:22 of 2nd period - Slapshot by Ondrej Kase.
18:22 of 2nd period - Stopped by Emil Larmi with a rebound.
18:56 of 2nd period - Snap shot by Jared Knight.
18:56 of 2nd period - Shot Misses the Net.
18:58 of 2nd period - Slapshot by Mitch Marner.
18:58 of 2nd period - Shot Misses the Net.
19:18 of 2nd period - Wrist shot by Chase De Leo.
19:18 of 2nd period - Stopped by Phoenix Copley with a rebound.
19:28 of 2nd period - Nathan Walker is hit by Matt Grzelcyk and loses puck.
19:38 of 2nd period - Minor Penalty to Iiro Pakarinen for Goalie Interference.
19:39 of 2nd period - Christian Hanson wins face-off versus Nathan Walker in Moose zone.
19:43 of 2nd period - Wrist shot by Matt Calvert.
19:43 of 2nd period - Stopped by Emil Larmi with a rebound.
Goals for this period are 1 for Monsters vs 1 for Moose.
Shots for this period are 9 for Monsters vs 7 for Moose.
3rd period
0:01 of 3rd period - Nathan Walker wins face-off versus Christian Hanson in neutral zone.
0:26 of 3rd period - Ludwig Bystrom is hit by Aaron Ness and loses puck.
1:38 of 3rd period - Penalty to Iiro Pakarinen is over, Iiro Pakarinen is back on ice.
1:53 of 3rd period - Tarmo Reunanen is hit by Iiro Pakarinen and loses puck.
2:00 of 3rd period - Slapshot by Victor Mete.
2:00 of 3rd period - Shot Misses the Net.
2:20 of 3rd period - Backhand shot by Bobby Farnham.
2:20 of 3rd period - Shot Misses the Net.
2:54 of 3rd period - Snap shot by Ryan Fitzgerald.
2:54 of 3rd period - Shot Misses the Net.
3:11 of 3rd period - Snap shot by Chase De Leo.
3:11 of 3rd period - Deflect By Carl Grundstrom.
3:11 of 3rd period - Deflect By Aaron Ness.
3:11 of 3rd period - Stopped by Phoenix Copley with a rebound.
3:13 of 3rd period - Wrist shot by Pierre-Luc Dubois.
3:13 of 3rd period - Goal by Pierre-Luc Dubois - Monsters : 2 - Moose : 3.
3:14 of 3rd period - Matt Calvert wins face-off versus Miro Aaltonen in neutral zone.
3:21 of 3rd period - Slapshot by Matt Calvert.
3:21 of 3rd period - Stopped by Emil Larmi without a rebound.
3:22 of 3rd period - Iiro Pakarinen wins face-off versus Christian Hanson in Moose zone.
3:22 of 3rd period - Iiro Pakarinen is hit by Christian Hanson.
3:30 of 3rd period - Wrist shot by Ondrej Kase.
3:30 of 3rd period - Stopped by Emil Larmi without a rebound.
3:31 of 3rd period - Christian Hanson wins face-off versus Miro Aaltonen in Moose zone.
3:34 of 3rd period - Snap shot by Ondrej Kase.
3:34 of 3rd period - Shot Blocked by Mirco Mueller.
3:36 of 3rd period - Snap shot by Christian Hanson.
3:36 of 3rd period - Stopped by Emil Larmi with a rebound.
3:44 of 3rd period - Snap shot by Ondrej Kase.
3:44 of 3rd period - Shot Misses the Net.
3:46 of 3rd period - Wrist shot by Ondrej Kase.
3:46 of 3rd period - Shot Misses the Net.
3:56 of 3rd period - Jared Knight is hit by Dominik Kahun.
4:40 of 3rd period - Slapshot by Christian Hanson.
4:40 of 3rd period - Shot Misses the Net.
4:42 of 3rd period - Wrist shot by Christian Hanson.
4:42 of 3rd period - Shot Misses the Net.
5:03 of 3rd period - Iiro Pakarinen is hit by Morgan Rielly and loses puck.
5:40 of 3rd period - Icing by Vladislav Gavrikov.
5:41 of 3rd period - Michael McLeod wins face-off versus Christian Hanson in Moose zone.
5:54 of 3rd period - Matt Grzelcyk is hit by Jeremy Bracco and loses puck.
6:51 of 3rd period - Snap shot by Ondrej Kase.
6:51 of 3rd period - Shot Blocked by Carl Grundstrom.
6:53 of 3rd period - Slapshot by Victor Mete.
6:53 of 3rd period - Shot Blocked by Chase De Leo.
6:55 of 3rd period - Snap shot by Christian Hanson.
6:55 of 3rd period - Deflect By Chase De Leo.
6:55 of 3rd period - Shot Misses the Net.
6:55 of 3rd period - Puck is out of play.
6:56 of 3rd period - Chase De Leo wins face-off versus Christian Hanson in Moose zone.
7:15 of 3rd period - Snap shot by Chase De Leo.
7:15 of 3rd period - Goal by Chase De Leo - Monsters : 2 - Moose : 4.
7:16 of 3rd period - Miro Aaltonen wins face-off versus Christian Hanson in neutral zone.
7:28 of 3rd period - Snap shot by Nathan Walker.
7:28 of 3rd period - Stopped by Phoenix Copley with a rebound.
7:42 of 3rd period - Ludwig Bystrom is hit by Jared Knight and loses puck.
7:51 of 3rd period - Wrist shot by Nikolay Goldobin.
7:51 of 3rd period - Shot Blocked by Jared Knight.
8:30 of 3rd period - Snap shot by Iiro Pakarinen.
8:30 of 3rd period - Stopped by Phoenix Copley with a rebound.
8:52 of 3rd period - Wrist shot by Chase De Leo.
8:52 of 3rd period - Stopped by Phoenix Copley with a rebound.
8:54 of 3rd period - Slapshot by Carl Grundstrom.
8:54 of 3rd period - Stopped by Phoenix Copley without a rebound.
8:55 of 3rd period - Jared Knight wins face-off versus Dominik Kahun in Monsters zone.
9:47 of 3rd period - Victor Mete is hit by Rem Pitlick and loses puck.
10:08 of 3rd period - Slapshot by Aaron Ness.
10:08 of 3rd period - Shot Blocked by Matthew Benning.
10:10 of 3rd period - Wrist shot by Maxim Mamin.
10:10 of 3rd period - Shot Misses the Net.
11:12 of 3rd period - Wrist shot by Bobby Farnham.
11:12 of 3rd period - Shot Misses the Net.
11:14 of 3rd period - Wrist shot by Matt Grzelcyk.
11:14 of 3rd period - Stopped by Emil Larmi without a rebound.
11:15 of 3rd period - Christian Hanson wins face-off versus Dominik Kahun in Moose zone.
11:51 of 3rd period - Wrist shot by Jared Knight.
11:51 of 3rd period - Shot Misses the Net.
12:03 of 3rd period - Snap shot by Marc Michaelis.
12:03 of 3rd period - Goal by Marc Michaelis - Monsters : 3 - Moose : 4.
12:04 of 3rd period - Miro Aaltonen wins face-off versus Christian Hanson in neutral zone.
12:15 of 3rd period - Wrist shot by Miro Aaltonen.
12:15 of 3rd period - Shot Misses the Net.
12:31 of 3rd period - Morgan Rielly is hit by Rem Pitlick and loses puck.
13:02 of 3rd period - Wrist shot by Michael McLeod.
13:02 of 3rd period - Stopped by Phoenix Copley with a rebound.
13:14 of 3rd period - Wrist shot by Matt Calvert.
13:14 of 3rd period - Stopped by Emil Larmi with a rebound.
13:16 of 3rd period - Slapshot by Ondrej Kase.
13:16 of 3rd period - Shot Hit the Post.
13:18 of 3rd period - Wrist shot by Ondrej Kase.
13:18 of 3rd period - Shot Misses the Net.
13:20 of 3rd period - Snap shot by Christian Hanson.
13:20 of 3rd period - Stopped by Emil Larmi with a rebound.
13:22 of 3rd period - Slapshot by Matt Grzelcyk.
13:22 of 3rd period - Stopped by Emil Larmi with a rebound.
13:42 of 3rd period - Snap shot by Christian Hanson.
13:42 of 3rd period - Shot Misses the Net.
13:44 of 3rd period - Slapshot by Dillon Heatherington.
13:44 of 3rd period - Shot Misses the Net.
13:46 of 3rd period - Snap shot by Christian Hanson.
13:46 of 3rd period - Goal by Christian Hanson - Monsters : 4 - Moose : 4.
13:47 of 3rd period - Miro Aaltonen wins face-off versus Jared Knight in neutral zone.
13:51 of 3rd period - Off-side.
13:52 of 3rd period - Jared Knight wins face-off versus Miro Aaltonen in neutral zone.
14:25 of 3rd period - Snap shot by Maxim Mamin.
14:25 of 3rd period - Shot Misses the Net.
15:26 of 3rd period - Snap shot by Richard Nejezchleb.
15:26 of 3rd period - Shot Misses the Net.
15:44 of 3rd period - Snap shot by Nathan Walker.
15:44 of 3rd period - Goal by Nathan Walker - Monsters : 4 - Moose : 5.
15:45 of 3rd period - Dominik Kahun wins face-off versus Ryan Fitzgerald in neutral zone.
15:56 of 3rd period - Wrist shot by Bobby Farnham.
15:56 of 3rd period - Shot Misses the Net.
16:07 of 3rd period - Icing by Dominik Kahun.
16:08 of 3rd period - Jeremy Bracco wins face-off versus Christian Hanson in Moose zone.
16:50 of 3rd period - Minor Penalty to Carl Grundstrom for Hooking.
16:51 of 3rd period - Iiro Pakarinen wins face-off versus Jared Knight in Moose zone.
18:22 of 3rd period - Vladislav Gavrikov is hit by Christian Hanson and loses puck.
18:50 of 3rd period - Penalty to Carl Grundstrom is over, Carl Grundstrom is back on ice.
19:03 of 3rd period - Snap shot by Nathan Walker.
19:03 of 3rd period - Goal by Nathan Walker - Monsters : 4 - Moose : 6.
19:04 of 3rd period - Michael McLeod wins face-off versus Ryan Fitzgerald in neutral zone.
19:10 of 3rd period - Minor Penalty to Troy Stetcher for Tripping.
19:11 of 3rd period - Christian Hanson wins face-off versus Iiro Pakarinen in Moose zone.
19:15 of 3rd period - Snap shot by Christian Hanson.
19:15 of 3rd period - Deflect By Ondrej Kase.
19:15 of 3rd period - Stopped by Emil Larmi with a rebound.
19:17 of 3rd period - Slapshot by Morgan Rielly.
19:17 of 3rd period - Shot Blocked by Vladislav Gavrikov.
19:37 of 3rd period - Jared Knight is hit by Frank Vatrano and loses puck.
19:59 of 3rd period - Icing by Austin Watson.
Goals for this period are 2 for Monsters vs 4 for Moose.
Shots for this period are 10 for Monsters vs 10 for Moose.